Map: Pillars of Gold LE

Players

SirGanks - Winner!

  • Race: Terran Terran
  • Spawn Location: 1:00

VOD

Have the link to the VOD?

Description

Time

  • Played on: March 18, 2021, 10:05 a.m.
  • Length: 27:03
Show
View Real Time Build Order
Export as new Build Order

SirGanks Terran - Winner!

Build Orders:  

Get SALT Encoding   

  12  0:00  SCV  
  13  0:17  SCV  
  14  0:35  SCV  
  14  0:39  Supply Depot  
  15  1:09  SCV  
  16  1:15  Barracks  
  16  1:26  SCV  
  17  1:32  Refinery  
  17  1:43  SCV  
  18  2:00  SCV  
  19  2:20  SCV  
  19  2:22  Supply Depot  
  20  2:34  Refinery  
  20  2:38  SCV  
  21  2:54  Marine  
  22  3:03  SCV  
  23  3:19  Marine  
  24  3:21  SCV  
  25  3:37  Barracks  
  25  3:45  SCV  
  26  4:02  SCV  
  27  4:35  Engineering Bay  
  27  4:41  Engineering Bay  
  27  4:42  Marine  
  27  4:45  Barracks  
  28  4:54  Barracks Tech Lab  
  28  5:13  Marine  
  29  5:44  Barracks Tech Lab  
  29  5:50  Barracks Tech Lab  
  29  6:01  Marauder  
  31  6:21  Terran Infantry Weapons Level 1  
  31  6:22  Terran Infantry Armor Level 1  
  31  6:56  Supply Depot  
  31  7:01  Supply Depot  
  31  7:26  Marauder x2  
  35  7:34  Supply Depot  
  35  8:02  Bunker  
  35  8:07  Marauder  
  35  8:08  Marauder x2  
  41  8:49  Factory  
  41  8:54  Marine  
  41  8:55  Marine x2  
  44  9:27  Marine  
  44  9:28  Marine x2  
  47  9:36  SCV  
  48  9:58  Marine  
  48  9:59  Marine x2  
  51  10:13  SCV  
  52  10:57  Supply Depot  
  52  11:27  Barracks  
  52  11:28  Supply Depot  
  52  11:54  Orbital Command  
  52  12:15  Barracks  
  52  12:19  Barracks  
  52  12:21  Marine x3  
  55  12:38  Barracks Reactor  
  55  12:48  Armory  
  55  12:56  Marauder x2  
  55  12:57  Marauder  
  61  13:23  Barracks Reactor  
  61  13:24  Barracks Reactor  
  61  13:32  Marauder  
  61  13:33  Marauder x2  
  67  13:45  Supply Depot  
  67  13:49  Supply Depot  
  67  13:51  Supply Depot  
  67  14:20  Marauder  
  67  14:21  Marauder x2  
  67  14:22  Marine x2  
  67  14:23  Marine x2  
  67  14:24  Marine x2  
  79  14:56  Supply Depot  
  79  14:58  Supply Depot  
  79  14:59  Supply Depot  
  79  15:00  Supply Depot  
  79  15:01  Marauder  
  79  15:02  Marauder x2  
  79  15:03  Marine x3  
  79  15:04  Marine x3  
  91  15:45  Terran Infantry Weapons Level 2  
  91  15:46  Terran Infantry Armor Level 2  
  91  15:52  Unknown  
  89  16:29  Missile Turret  
  89  16:33  Missile Turret  
  89  16:42  Missile Turret  
  89  16:51  Missile Turret  
  89  17:12  Stimpack  
  89  17:26  Starport, Marauder x2  
  89  17:27  Marauder  
  89  17:28  Marine x2  
  89  17:29  Marine  
  98  17:30  Marine x3  
  101  18:57  Terran Infantry Weapons Level 3  
  101  18:58  Terran Infantry Armor Level 3  
  101  19:34  Command Center  
  101  20:02  Concussive Shells  
  101  21:51  Refinery  
  101  21:55  Refinery  
  101  22:50  Supply Depot  
  101  22:51  Supply Depot  
  101  22:56  Bunker  
  101  22:58  Hi-Sec Auto Tracking  
  101  23:01  Bunker  
  101  23:16  Planetary Fortress  
  100  23:57  Structure Armor  
Tags
 
Matchup
Co-op
Replay Pack
AI
Add a new tag
Caveats
  • Supply blocks, unpowered buildings, or Contaminate may cause inaccurate times.
  • Supply counts are checked every 10 seconds.